[Event "CCT Chessable Masters Play-In 2025"]
[Site "Online"]
[Date "2025.02.17"]
[Round "1.41"]
[White "Pichot, Alan"]
[Black "Sankalp Gupta"]
[Result "1-0"]
[ECO "C11"]
[WhiteElo "2613"]
[BlackElo "2538"]
[PlyCount "95"]
[EventDate "2025.02.13"]
[EventType "swiss"]
[EventCountry "NET"]
[TimeControl "600"]
[WhiteClock "0:03:51"]
[BlackClock "0:05:25"]

1. e4 e6 2. d4 d5 3. Nc3 Nf6 4. e5 Nfd7 5. f4 c5 6. Nf3 Nc6 7. Be3 a6 8. Qd2 b5 9. dxc5 Bxc5 10. Bd3 Qb6 11. Bf2 Bxf2+ 12. Qxf2 Qxf2+ 13. Kxf2 O-O 14. Rhe1 h6 15. Kg1 f6 16. exf6 Rxf6 17. Ne2 Nc5 18. a3 Bd7 19. b4 Nxd3 20. cxd3 a5 21. Ne5 Nxe5 22. fxe5 Rff8 23. Rec1 Ra7 24. Nd4 Rfa8 25. Nb3 axb4 26. axb4 Ra3 27. Rxa3 Rxa3 28. Nc5 Bc8 29. Kf2 Kf8 30. Ke3 Ke7 31. Rc2 Bd7 32. Nxd7 Kxd7 33. Rc5 Ra2 34. Rxb5 Rxg2 35. Rb7+ Kc8 36. Re7 g5 37. Rxe6 Rxh2 38. Kd4 g4 39. Rg6 h5 40. Kxd5 Re2 41. d4 Re3 42. Kc6 Kd8 43. Kd6 Ke8 44. e6 Kf8 45. d5 g3 46. Kd7 h4 47. d6 Re1 48. b5 1-0

[Event "CCT Chessable Masters Play-In 2025"]
[Site "Online"]
[Date "2025.02.17"]
[Round "1.42"]
[White "Bartel, Mateusz"]
[Black "Yakubboev, Nodirbek"]
[Result "1/2-1/2"]
[ECO "B50"]
[WhiteElo "2629"]
[BlackElo "2659"]
[PlyCount "102"]
[EventDate "2025.02.13"]
[EventType "swiss"]
[EventCountry "NET"]
[TimeControl "600"]
[WhiteClock "0:00:55"]
[BlackClock "0:01:40"]

1. e4 c5 2. Nf3 d6 3. c3 Nf6 4. Bd3 Nc6 5. Bc2 Bg4 6. h3 Bxf3 7. Qxf3 g6 8. O-O Bg7 9. Qd1 d5 10. d3 O-O 11. Nd2 e5 12. a4 Qc7 13. exd5 Nxd5 14. Ne4 b6 15. Bb3 Rad8 16. Bg5 f6 17. Bd2 Kh8 18. Qf3 Nf4 19. Bc4 h6 20. Rad1 f5 21. Ng3 Ne7 22. Rfe1 Nfd5 23. Bc1 Qd7 24. Bb5 Qc8 25. h4 a6 26. Bc4 Qd7 27. Bb3 b5 28. axb5 axb5 29. Nf1 Qc7 30. Ne3 Nf4 31. Bc2 c4 32. dxc4 Rxd1 33. Nxd1 bxc4 34. g3 Nfd5 35. Ne3 e4 36. Qe2 Nxe3 37. Bxe3 Nd5 38. Bc1 h5 39. Rd1 Qc6 40. Bg5 Nf6 41. Rd4 Rc8 42. Qd2 Ng4 43. Rd6 Qe8 44. Bd1 Ne5 45. Qd5 Nd3 46. Rd7 Nxb2 47. Bh6 Bxh6 48. Qd4+ Kg8 49. Qd5+ Kh8 50. Qd4+ Kg8 51. Qd5+ Kh8 1/2-1/2

[Event "CCT Chessable Masters Play-In 2025"]
[Site "Online"]
[Date "2025.02.17"]
[Round "1.43"]
[White "Oparin, Grigoriy"]
[Black "Sanal, Vahap"]
[Result "1-0"]
[ECO "C50"]
[WhiteElo "2660"]
[BlackElo "2557"]
[PlyCount "125"]
[EventDate "2025.02.13"]
[EventType "swiss"]
[EventCountry "NET"]
[TimeControl "600"]
[WhiteClock "0:01:37"]
[BlackClock "0:00:19"]

1. e4 e5 2. Nf3 Nc6 3. Bc4 Bc5 4. Nc3 Nf6 5. d3 h6 6. O-O a6 7. a4 d6 8. Be3 Bxe3 9. fxe3 Be6 10. Nd5 Bxd5 11. exd5 Ne7 12. Nh4 c6 13. dxc6 bxc6 14. Qe1 d5 15. Bb3 Qd6 16. Qg3 O-O 17. Rf2 Nd7 18. d4 c5 19. c3 Rab8 20. Bc2 Kh8 21. Raf1 Kg8 22. Bf5 Rb7 23. Bxd7 Qxd7 24. Qxe5 Qxa4 25. Rf3 cxd4 26. Rg3 f6 27. Qe6+ Kh8 28. exd4 Qc2 29. Re3 Ng6 30. Re2 Qd3 31. Qh3 Qxe2 32. Nxg6+ Kg8 33. Nxf8 Rxb2 34. Ng6 a5 35. Nf4 Qe4 36. Qe6+ Kh7 37. Qxe4+ dxe4 38. Ra1 e3 39. g3 Rc2 40. Rxa5 g5 41. Ra7+ Kg8 42. Nd3 Rxc3 43. Ne1 Rc1 44. Kf1 Rd1 45. Re7 Rxd4 46. Rxe3 Kf7 47. Re2 Ra4 48. Kg2 h5 49. Nf3 Kg6 50. Rd2 Rb4 51. h4 Rb6 52. Kf2 Ra6 53. Rb2 Kh6 54. hxg5+ fxg5 55. Rb5 Ra2+ 56. Ke3 Ra3+ 57. Ke4 h4 58. g4 h3 59. Rxg5 Ra4+ 60. Ke3 Ra3+ 61. Ke2 Ra2+ 62. Kf1 Ra1+ 63. Kf2 1-0

[Event "CCT Chessable Masters Play-In 2025"]
[Site "Online"]
[Date "2025.02.17"]
[Round "1.44"]
[White "Xiao, Tong"]
[Black "Theodorou, Nikolas"]
[Result "0-1"]
[ECO "C18"]
[WhiteElo "2491"]
[BlackElo "2611"]
[PlyCount "194"]
[EventDate "2025.02.13"]
[EventType "swiss"]
[EventCountry "NET"]
[TimeControl "600"]
[WhiteClock "0:00:02"]
[BlackClock "0:00:34"]

1. e4 e6 2. d4 d5 3. Nc3 Bb4 4. e5 c5 5. a3 Bxc3+ 6. bxc3 Nc6 7. Qg4 g6 8. Nf3 Qa5 9. Bd2 c4 10. Be2 Qa4 11. Bd1 Bd7 12. h4 h6 13. Qf4 Rh7 14. Nh2 O-O-O 15. Ng4 Re8 16. Rh3 Nce7 17. Ne3 Rf8 18. Rf3 Qa5 19. Kf1 Qd8 20. h5 g5 21. Qh2 f5 22. exf6 Nxf6 23. Be1 Nf5 24. Qe5 Rhf7 25. Kg1 Qc7 26. Rb1 b6 27. Be2 Ne7 28. Bd2 Qd8 29. Be1 Nc6 30. Qh2 Be8 31. Bd1 Qe7 32. Ra1 Rg7 33. Bd2 Bd7 34. Be1 Rgf7 35. Nf1 Qd8 36. Re3 Rg7 37. Be2 Ne4 38. f3 Nf6 39. g4 Rgf7 40. Bg3 Ne8 41. Nd2 Na5 42. a4 Qe7 43. Be5 Kb7 44. Qg3 Bc6 45. Kh2 Qd7 46. Nb1 Bxa4 47. Na3 b5 48. Bf1 a6 49. Bg2 Nc6 50. Rf1 Rf4 51. Qe1 Nxe5 52. Rxe5 Nc7 53. Qb1 Qd6 54. Qb2 Kc6 55. Nb1 Rb8 56. Nd2 Kd7 57. Rfe1 Rbf8 58. Kh3 R4f6 59. Qa2 Rb8 60. Qa1 Qc6 61. Qa2 Rbf8 62. R1e2 Qb6 63. R2e3 R8f7 64. Re2 Qc6 65. R2e3 Kc8 66. Re2 Qd6 67. Re1 Qd7 68. R1e3 Na8 69. Re2 Nb6 70. Re1 Qd6 71. R1e2 Nd7 72. R5e3 Qc6 73. Nf1 Re7 74. Ng3 Ref7 75. Re1 Qd6 76. R1e2 Kc7 77. Re1 Nb6 78. R1e2 a5 79. Re1 Kb7 80. Rb1 Ka6 81. Rb2 Re7 82. Re1 e5 83. Nf5 Rxf5 84. gxf5 exd4 85. Rxe7 Qxe7 86. cxd4 Qf6 87. c3 Qxf5+ 88. Kh2 Qf4+ 89. Kh1 Qh4+ 90. Kg1 Qe1+ 91. Kh2 Qxc3 92. Re2 Qxd4 93. Re6 c3 94. Qe2 c2 95. Qe1 Qf4+ 96. Kh3 c1=Q 97. Qf2 Qh4+ 0-1

[Event "CCT Chessable Masters Play-In 2025"]
[Site "Online"]
[Date "2025.02.17"]
[Round "1.45"]
[White "Santos Latasa, Jaime"]
[Black "Akobian, Varuzhan"]
[Result "1-0"]
[ECO "D32"]
[WhiteElo "2631"]
[BlackElo "2564"]
[PlyCount "131"]
[EventDate "2025.02.13"]
[EventType "swiss"]
[EventCountry "NET"]
[TimeControl "600"]
[WhiteClock "0:01:15"]

1. Nf3 Nf6 2. c4 e6 3. Nc3 d5 4. e3 Be7 5. b3 O-O 6. Bb2 c5 7. cxd5 exd5 8. d4 Nc6 9. Be2 Bg4 10. dxc5 Bxc5 11. O-O Re8 12. Rc1 Bb4 13. h3 Bh5 14. a3 Bf8 15. Nh4 Bxe2 16. Nxe2 Ne4 17. Nf3 Be7 18. b4 Bf6 19. Bxf6 Nxf6 20. Qb3 Qb6 21. Rfd1 Rad8 22. Rd3 h6 23. Rcd1 a5 24. b5 Ne7 25. Nf4 Rc8 26. a4 Rc5 27. Rc3 Rec8 28. Rxc5 Rxc5 29. Qa3 Qc7 30. Nd4 b6 31. Qb2 Rc4 32. Qa1 Qc8 33. f3 Qc5 34. Nd3 Qc7 35. Kf2 Nd7 36. Nf4 Nc5 37. Rd2 Rxa4 38. Qd1 Rc4 39. Nc6 Rxf4 40. Nxe7+ Qxe7 41. exf4 Qh4+ 42. Kg1 Qxf4 43. Rxd5 a4 44. Qc2 Qe3+ 45. Kh1 Qe1+ 46. Kh2 Qe7 47. Qc3 Qa7 48. Rd8+ Kh7 49. Qc2+ g6 50. Qd2 Qc7+ 51. Qd6 Qxd6+ 52. Rxd6 a3 53. Rd2 Nb3 54. Ra2 Nd4 55. Rxa3 Nxb5 56. Rb3 Nd4 57. Rxb6 Kg7 58. Kg3 h5 59. Kf4 h4 60. Kg4 Nf5 61. Rb3 Kh6 62. f4 Kg7 63. Rb5 Ne3+ 64. Kf3 Nf5 65. Re5 Kf6 66. Kg4 1-0

[Event "CCT Chessable Masters Play-In 2025"]
[Site "Online"]
[Date "2025.02.17"]
[Round "1.46"]
[White "Jumabayev, Rinat"]
[Black "Bluebaum, Matthias"]
[Result "0-1"]
[ECO "C07"]
[WhiteElo "2564"]
[BlackElo "2643"]
[PlyCount "96"]
[EventDate "2025.02.13"]
[EventType "swiss"]
[EventCountry "NET"]
[TimeControl "600"]
[BlackClock "0:02:07"]

1. e4 e6 2. d4 d5 3. Nd2 c5 4. exd5 Qxd5 5. Ngf3 cxd4 6. Bc4 Qd6 7. O-O Nf6 8. Nb3 Nc6 9. Nbxd4 Nxd4 10. Qxd4 Qxd4 11. Nxd4 Bd7 12. Be2 Rc8 13. Rd1 Bc5 14. c3 e5 15. Nb3 Bb6 16. Bf3 Bc6 17. Bxc6+ Rxc6 18. Re1 Nd7 19. a4 a6 20. a5 Ba7 21. Be3 Bxe3 22. Rxe3 f6 23. Rd1 Rc7 24. Nd4 Kf7 25. Nf5 g6 26. Nd6+ Ke7 27. f4 Rd8 28. g3 Rb8 29. b4 Ke6 30. g4 Ke7 31. g5 fxg5 32. fxg5 Rd8 33. Red3 Rh8 34. c4 h5 35. c5 Rb8 36. Kg2 Rf8 37. h3 h4 38. Rd5 Ke6 39. Ne4 Kf5 40. Nc3 Rd8 41. Rd6 Kxg5 42. Nd5 Rc6 43. Rxc6 bxc6 44. Nb6 Re8 45. Rxd7 e4 46. Rd2 e3 47. Re2 Kf4 48. Nc4 g5 0-1

[Event "CCT Chessable Masters Play-In 2025"]
[Site "Online"]
[Date "2025.02.17"]
[Round "1.47"]
[White "Puranik, Abhimanyu"]
[Black "Dai, Changren"]
[Result "1-0"]
[ECO "C88"]
[WhiteElo "2636"]
[BlackElo "2527"]
[PlyCount "177"]
[EventDate "2025.02.13"]
[EventType "swiss"]
[EventCountry "NET"]
[TimeControl "600"]
[WhiteClock "0:00:32"]

1. e4 e5 2. Nf3 Nc6 3. Bb5 a6 4. Ba4 Nf6 5. O-O Be7 6. Re1 b5 7. Bb3 O-O 8. d3 d6 9. Bd2 Bg4 10. c3 Bh5 11. h3 Re8 12. a4 Na5 13. Bc2 c5 14. Be3 b4 15. Nbd2 Rb8 16. Nf1 b3 17. Bb1 Qc7 18. Ng3 Bg6 19. Nh4 d5 20. Ngf5 dxe4 21. dxe4 c4 22. Qe2 Bf8 23. Bg5 Nd7 24. Ne3 Qc6 25. Nxg6 hxg6 26. Nd5 Bc5 27. Kh1 Nf8 28. Be3 Ne6 29. h4 Bxe3 30. Qxe3 Rbd8 31. g3 Nb7 32. a5 Nd6 33. Qb6 Qc8 34. Kh2 Nc5 35. Qc7 Qxc7 36. Nxc7 Re7 37. Nd5 Ree8 38. Nb6 f6 39. Kg2 Kf7 40. Kf3 Ke6 41. Rd1 f5 42. exf5+ gxf5 43. Ke2 e4 44. Rd4 Nd3 45. Nxc4 Nxc4 46. Rxc4 Ne5 47. Rb4 Nf3 48. g4 Rd2+ 49. Ke3 Rxb2 50. gxf5+ Kf6 51. Bxe4 Nxh4 52. Rb6+ Kf7 53. f3 Nxf5+ 54. Kf4 Ne7 55. Rxa6 Rc8 56. Rb6 Ra2 57. Rb1 Rxc3 58. a6 Ra4 59. Ke5 Ra5+ 60. Kd4 Rc7 61. R1xb3 Rc1 62. Bd3 Nc6+ 63. Ke3 Ne5 64. Rb7+ Kg8 65. Rb8+ Kf7 66. R3b7+ Kf6 67. Rf8+ Ke6 68. Re8+ Kf6 69. Rb6+ Kf7 70. Bb5 Rxb5 71. Rxb5 Nc4+ 72. Kd4 Kxe8 73. a7 Ra1 74. Rb8+ Kf7 75. a8=Q Rxa8 76. Rxa8 Nd6 77. Ke5 Nc4+ 78. Kf4 Nd6 79. Ra6 Ne8 80. Kf5 Nf6 81. Ra7+ Kf8 82. Kg6 Ne8 83. Rf7+ Kg8 84. f4 Nd6 85. Rxg7+ Kf8 86. Rd7 Ne8 87. f5 Kg8 88. Rd8 Kf8 89. f6 1-0

[Event "CCT Chessable Masters Play-In 2025"]
[Site "Online"]
[Date "2025.02.17"]
[Round "1.48"]
[White "Guliyev, Namig"]
[Black "Eljanov, Pavel"]
[Result "1/2-1/2"]
[ECO "C91"]
[WhiteElo "2486"]
[BlackElo "2658"]
[PlyCount "194"]
[EventDate "2025.02.13"]
[EventType "swiss"]
[EventCountry "NET"]
[TimeControl "600"]
[BlackClock "0:00:11"]

1. e4 e5 2. Nf3 Nc6 3. Bb5 a6 4. Ba4 Nf6 5. O-O Be7 6. Re1 b5 7. Bb3 d6 8. c3 O-O 9. d4 Bg4 10. Be3 Bh5 11. Nbd2 Na5 12. Bc2 Ng4 13. Qe2 Re8 14. a4 Nxe3 15. Qxe3 exd4 16. cxd4 c5 17. dxc5 dxc5 18. e5 Qb6 19. axb5 axb5 20. h3 Bf8 21. g4 Bg6 22. Bxg6 Qxg6 23. Ne4 Nc4 24. Rxa8 Rxa8 25. Qc3 h6 26. b3 Nb6 27. Nxc5 Rc8 28. b4 Na4 29. Qb3 Nxc5 30. bxc5 Rxc5 31. Nd4 h5 32. e6 hxg4 33. exf7+ Qxf7 34. Qxf7+ Kxf7 35. hxg4 b4 36. Kf1 Bd6 37. Rd1 Be5 38. Nf3 Bf6 39. Rd7+ Ke6 40. Rb7 Rc4 41. g5 Bc3 42. Ke2 Kd5 43. Kd3 Rf4 44. Ng1 Rxf2 45. Ne2 Rf3+ 46. Kc2 Kc6 47. Rb8 Kc7 48. Rb5 Be1 49. Nd4 Rc3+ 50. Kb2 Rd3 51. Ne6+ Kc6 52. Rb8 Re3 53. Nd4+ Kc5 54. Nc2 Bc3+ 55. Kb3 Rg3 56. Ka4 Rxg5 57. Rb5+ Kc4 58. Rxg5 b3 59. Na3+ Kd3 60. Kxb3 Bf6 61. Rg6 Ke4 62. Nc4 Kf5 63. Rg2 Kf4 64. Kc2 Ke4 65. Kd2 Bd4 66. Ke2 Bf6 67. Nd6+ Kd5 68. Ne8 Be5 69. Nxg7 Ba1 70. Nh5 Ke5 71. Kf3 Kd6 72. Nf4 Kc7 73. Rg6 Kd7 74. Ke4 Kc7 75. Nd5+ Kd7 76. Kd3 Be5 77. Kc4 Ba1 78. Kc5 Bb2 79. Rd6+ Ke8 80. Kc6 Ba3 81. Rd7 Kf8 82. Rb7 Bc1 83. Nf6 Be3 84. Ne4 Ke8 85. Kd5 Bf4 86. Ke6 Kd8 87. Nf6 Kc8 88. Rd7 Kb8 89. Nd5 Bg3 90. Nf4 Bxf4 91. Rf7 Be3 92. Rf8+ Kc7 93. Rf7+ Kc6 94. Rf3 Bc5 95. Rd3 Kb5 96. Rd5 Kc4 97. Rxc5+ Kxc5 1/2-1/2

[Event "CCT Chessable Masters Play-In 2025"]
[Site "Online"]
[Date "2025.02.17"]
[Round "1.49"]
[White "Anton Guijarro, David"]
[Black "Moiseenko, Alexander"]
[Result "1-0"]
[ECO "B51"]
[WhiteElo "2668"]
[BlackElo "2568"]
[PlyCount "91"]
[EventDate "2025.02.13"]
[EventType "swiss"]
[EventCountry "NET"]
[TimeControl "600"]
[WhiteClock "0:01:53"]
[BlackClock "0:00:13"]

1. e4 c5 2. Nf3 Nc6 3. Bb5 d6 4. O-O Bd7 5. Re1 Nf6 6. h3 a6 7. Bf1 e5 8. c3 g5 9. d4 g4 10. d5 Ne7 11. hxg4 Bxg4 12. Bg5 Ng6 13. Nbd2 h6 14. Be3 Be7 15. Qb3 Rb8 16. Nh2 Bd7 17. a4 h5 18. a5 Ng4 19. Nxg4 hxg4 20. g3 Bg5 21. Nc4 Bxe3 22. Nxd6+ Ke7 23. Nf5+ Bxf5 24. exf5 Nh4 25. Rxe3 Nf3+ 26. Rxf3 gxf3 27. Qd1 Kd6 28. Qxf3 Qg5 29. b4 cxb4 30. Qe4 bxc3 31. Qb4+ Kd7 32. Qxc3 Rbc8 33. Qb2 Qxf5 34. Qxb7+ Rc7 35. Qxa6 Rc2 36. Qa7+ Ke8 37. Qb8+ Ke7 38. d6+ Kd7 39. Bb5+ Ke6 40. Bc4+ Rxc4 41. Qxh8 Kxd6 42. Qb8+ Ke7 43. a6 Rc2 44. Qb4+ Kf6 45. Qb6+ Kg7 46. a7 1-0

[Event "CCT Chessable Masters Play-In 2025"]
[Site "Online"]
[Date "2025.02.17"]
[Round "1.50"]
[White "Bologan, Victor"]
[Black "Svidler, Peter"]
[Result "1-0"]
[ECO "B51"]
[WhiteElo "2603"]
[BlackElo "2696"]
[PlyCount "77"]
[EventDate "2025.02.13"]
[EventType "swiss"]
[EventCountry "NET"]
[TimeControl "600"]
[WhiteClock "0:00:52"]
[BlackClock "0:00:15"]

1. e4 c5 2. Nf3 d6 3. Bb5+ Nd7 4. O-O a6 5. Bd3 Ngf6 6. c3 b5 7. Bc2 Bb7 8. Re1 Rc8 9. a4 b4 10. cxb4 cxb4 11. d4 Qc7 12. Bd3 Nxe4 13. Nbd2 Nef6 14. Qe2 a5 15. Nc4 Bd5 16. Bf4 Kd8 17. Rac1 Qa7 18. Ne3 Rxc1 19. Rxc1 e6 20. Ng5 Nb6 21. Bb5 h6 22. Nxd5 Nfxd5 23. Nh3 g5 24. Bg3 Ke7 25. Bxd6+ Kxd6 26. Qe5+ Ke7 27. Qxh8 Nf6 28. d5 Nfxd5 29. Qd4 Qb8 30. Rc6 Qd8 31. f4 gxf4 32. Nf2 Nd7 33. Ne4 f5 34. Nd6 N7f6 35. Qe5 Qd7 36. Nxf5+ Kf7 37. Nd4 Qa7 38. Kh1 Be7 39. Qxe6+ 1-0

[Event "CCT Chessable Masters Play-In 2025"]
[Site "Online"]
[Date "2025.02.17"]
[Round "1.51"]
[White "Harikrishna, Pentala"]
[Black "Gharibyan, Mamikon"]
[Result "1/2-1/2"]
[ECO "C78"]
[WhiteElo "2695"]
[BlackElo "2473"]
[PlyCount "122"]
[EventDate "2025.02.13"]
[EventType "swiss"]
[EventCountry "NET"]
[TimeControl "600"]
[WhiteClock "0:03:08"]
[BlackClock "0:01:30"]

1. e4 e5 2. Nf3 Nc6 3. Bb5 a6 4. Ba4 Nf6 5. O-O Bc5 6. c3 O-O 7. d4 Ba7 8. Re1 d6 9. Bxc6 bxc6 10. h3 Qe7 11. dxe5 dxe5 12. Be3 a5 13. Qa4 Bd7 14. Bxa7 Rxa7 15. Qa3 c5 16. Nbd2 Bb5 17. Rad1 a4 18. b4 Rd8 19. bxc5 h6 20. Qb4 Rb7 21. c6 Qxb4 22. cxb4 Bxc6 23. Nxe5 Bxe4 24. Nxe4 Rxd1 25. Rxd1 Nxe4 26. a3 Nd6 27. Nd7 f6 28. Nc5 Rb8 29. Rd3 Ra8 30. g4 Kf7 31. f4 g6 32. Kf2 Ke7 33. Kf3 h5 34. Re3+ Kf7 35. g5 fxg5 36. fxg5 Nc4 37. Rc3 Nb6 38. Nd3 Nd5 39. Rc6 Re8 40. Nf4 Re3+ 41. Kf2 Re5 42. Nxd5 Rxd5 43. Rxc7+ Ke6 44. Rc6+ Kf5 45. Ra6 Rd3 46. Rxa4 Kxg5 47. b5 Rb3 48. Rb4 Rxa3 49. b6 Ra8 50. b7 Rb8 51. h4+ Kf5 52. Kf3 Ke5 53. Rb5+ Kd6 54. Kf4 Kc6 55. Rg5 Rxb7 56. Rxg6+ Kd5 57. Kg5 Rh7 58. Rh6 Rxh6 59. Kxh6 Ke6 60. Kg6 Ke7 61. Kxh5 Kf7 1/2-1/2

[Event "CCT Chessable Masters Play-In 2025"]
[Site "Online"]
[Date "2025.02.17"]
[Round "1.52"]
[White "Perez Ponsa, Federico"]
[Black "Kuzubov, Yuriy"]
[Result "1/2-1/2"]
[ECO "B30"]
[WhiteElo "2528"]
[BlackElo "2597"]
[PlyCount "205"]
[EventDate "2025.02.13"]
[EventType "swiss"]
[EventCountry "NET"]
[TimeControl "600"]
[WhiteClock "0:01:12"]
[BlackClock "0:01:24"]

1. e4 c5 2. Nf3 Nc6 3. Bb5 e6 4. Bxc6 bxc6 5. d3 Ne7 6. Nbd2 Ng6 7. h4 h5 8. e5 f6 9. Nc4 Ba6 10. Qe2 Qc7 11. Qe4 Kf7 12. Bf4 Bxc4 13. dxc4 d5 14. exd6 Bxd6 15. Bxd6 Qxd6 16. Rd1 Qc7 17. O-O Rhd8 18. Rfe1 Rd6 19. Rd3 Rad8 20. Ng5+ fxg5 21. Rf3+ Kg8 22. Qxg6 gxh4 23. Qxh5 Rd1 24. Rfe3 Rxe1+ 25. Rxe1 Qa5 26. Rxe6 Qxa2 27. Qxh4 Rf8 28. Rxc6 Qxb2 29. Rxc5 Qxc2 30. Rh5 Qc1+ 31. Kh2 Qf4+ 32. Qxf4 Rxf4 33. Ra5 Rxc4 34. Rxa7 Kh7 35. Ra6 g6 36. Kg3 Kg7 37. Ra7+ Kf6 38. Ra5 Rb4 39. Ra6+ Kg7 40. Ra5 Kf6 41. f3 Rc4 42. Rb5 Kg7 43. Rd5 Kf6 44. Ra5 Rb4 45. Ra6+ Kg7 46. Rc6 Kf7 47. Rd6 Kg7 48. f4 Rb2 49. Kf3 Kf7 50. Ra6 Rc2 51. Ra7+ Kf6 52. Ra6+ Kf7 53. g3 Rc3+ 54. Kg4 Kg7 55. Ra7+ Kf6 56. Rb7 Rd3 57. Rb6+ Kg7 58. Rb5 Rc3 59. Ra5 Rb3 60. Kh4 Kf6 61. g4 Rb7 62. Rc5 Kg7 63. Rc6 Rb5 64. Rc7+ Kf8 65. Ra7 g5+ 66. fxg5 Kg8 67. Kh5 Rb6 68. Ra5 Rc6 69. Ra8+ Kg7 70. Ra7+ Kg8 71. Ra5 Kg7 72. Ra7+ Kg8 73. Rd7 Rb6 74. Rc7 Rd6 75. Rc1 Kg7 76. Re1 Ra6 77. Re7+ Kg8 78. g6 Ra1 79. Kg5 Rb1 80. Re5 Rc1 81. Rb5 Ra1 82. Rb8+ Kg7 83. Rb7+ Kg8 84. Rb3 Rc1 85. Rf3 Ra1 86. Re3 Rb1 87. Re5 Ra1 88. Re8+ Kg7 89. Re7+ Kg8 90. Rb7 Rc1 91. g7 Rc6 92. Kh5 Ra6 93. Rd7 Rc6 94. g5 Ra6 95. Re7 Rb6 96. Kg4 Rb5 97. Rc7 Ra5 98. Kh4 Rb5 99. Kh5 Rb6 100. Rd7 Ra6 101. g6 Ra5+ 102. Kh6 Rh5+ 103. Kxh5 1/2-1/2

[Event "CCT Chessable Masters Play-In 2025"]
[Site "Online"]
[Date "2025.02.17"]
[Round "1.53"]
[White "Rustemov, Alexander"]
[Black "Atabayev, Saparmyrat"]
[Result "1-0"]
[ECO "E12"]
[WhiteElo "2525"]
[BlackElo "2516"]
[PlyCount "125"]
[EventDate "2025.02.13"]
[EventType "swiss"]
[EventCountry "NET"]
[TimeControl "600"]
[WhiteClock "0:02:15"]
[BlackClock "0:01:25"]

1. d4 Nf6 2. c4 e6 3. Nf3 b6 4. a3 Bb7 5. Nc3 d5 6. Bg5 Be7 7. Bxf6 Bxf6 8. cxd5 exd5 9. Qa4+ Nd7 10. g3 O-O 11. Bh3 c6 12. Nxd5 cxd5 13. Qxd7 Qb8 14. Rc1 Re8 15. Qc7 Ba6 16. e3 Bc4 17. Qxb8 Raxb8 18. Kd2 b5 19. Bf1 a5 20. Bd3 a4 21. Ne1 Bd8 22. Nc2 Ba5+ 23. Nb4 g6 24. Rhe1 f5 25. f3 Rbd8 26. Re2 Kf7 27. Rce1 Rd6 28. Bxc4 bxc4 29. Kc3 Red8 30. e4 dxe4 31. fxe4 Rxd4 32. exf5 gxf5 33. Re7+ Kg8 34. Re8+ Kf7 35. R8e7+ Kg8 36. R1e5 Bxb4+ 37. axb4 f4 38. Re8+ Kf7 39. Rxd8 Rxd8 40. Rf5+ Ke6 41. Rxf4 Rd3+ 42. Kxc4 Rd2 43. Rh4 Rxb2 44. Rxh7 a3 45. Ra7 a2 46. h4 Kd6 47. Kb5 Ke6 48. h5 Rh2 49. g4 Kd5 50. h6 Kd6 51. h7 Rxh7 52. Rxa2 Rb7+ 53. Kc4 Rc7+ 54. Kb3 Rc1 55. Rg2 Ke6 56. g5 Kf7 57. g6+ Kg7 58. b5 Rb1+ 59. Kc4 Rc1+ 60. Kd5 Rd1+ 61. Kc6 Rc1+ 62. Kb7 Rc2 63. Rxc2 1-0

[Event "CCT Chessable Masters Play-In 2025"]
[Site "Online"]
[Date "2025.02.17"]
[Round "1.54"]
[White "Blohberger, Felix"]
[Black "Le, Quang Liem"]
[Result "1/2-1/2"]
[ECO "D05"]
[WhiteElo "2532"]
[BlackElo "2739"]
[PlyCount "80"]
[EventDate "2025.02.13"]
[EventType "swiss"]
[EventCountry "NET"]
[TimeControl "600"]
[WhiteClock "0:02:36"]
[BlackClock "0:01:17"]

1. d4 Nf6 2. Nf3 d5 3. e3 e6 4. Bd3 b6 5. O-O Bb7 6. b3 Be7 7. c4 O-O 8. cxd5 exd5 9. Ba3 c5 10. Nc3 Nbd7 11. Rc1 Rc8 12. Bf5 g6 13. Bh3 c4 14. Bxe7 Qxe7 15. Ne5 a6 16. Na4 cxb3 17. Qxb3 Rxc1 18. Rxc1 Nxe5 19. dxe5 Qxe5 20. Qxb6 Ba8 21. Qxa6 d4 22. exd4 Qxd4 23. Qc4 Qxc4 24. Rxc4 Bd5 25. Rc2 Ra8 26. Nc3 Bc4 27. g3 Kg7 28. Bf1 Be6 29. Bg2 Rc8 30. Rc1 Bd5 31. a4 Bxg2 32. Kxg2 Rc4 33. a5 Rc5 34. a6 Ra5 35. Rc2 Rxa6 36. Ra2 Rxa2 37. Nxa2 Nd5 38. Nc1 Kf6 39. Kf3 g5 40. Nd3 Kf5 1/2-1/2

[Event "CCT Chessable Masters Play-In 2025"]
[Site "Online"]
[Date "2025.02.17"]
[Round "1.55"]
[White "Ivic, Velimir"]
[Black "Fier, Alexandr"]
[Result "1-0"]
[ECO "C77"]
[WhiteElo "2622"]
[BlackElo "2547"]
[PlyCount "85"]
[EventDate "2025.02.13"]
[EventType "swiss"]
[EventCountry "NET"]
[TimeControl "600"]
[WhiteClock "0:04:03"]
[BlackClock "0:06:43"]

1. e4 e5 2. Nf3 Nc6 3. Bb5 a6 4. Ba4 Nf6 5. d3 b5 6. Bb3 Bc5 7. c3 d6 8. Nbd2 O-O 9. Nf1 d5 10. exd5 Nxd5 11. Ng3 f6 12. O-O Be6 13. d4 exd4 14. cxd4 Bb6 15. Re1 Bf7 16. a3 Qd7 17. Be3 Rae8 18. Rc1 Na5 19. Ba2 Kh8 20. Bd2 Nc6 21. Ne2 Ne3 22. Bxe3 Bxa2 23. b3 Na5 24. Nd2 Qf7 25. Rc3 f5 26. Bf4 Qe7 27. Be5 Qxa3 28. Nf4 Qb4 29. Nd5 Qa3 30. b4 Qb2 31. Rc2 Qa3 32. Nxb6 cxb6 33. bxa5 Qxa5 34. Rc7 Bf7 35. Nf3 h6 36. h4 Qb4 37. Rxf7 Rxf7 38. Bxg7+ Kxg7 39. Rxe8 a5 40. Qe2 Qd6 41. Re6 Qd5 42. Re5 Qd7 43. Rxb5 1-0

[Event "CCT Chessable Masters Play-In 2025"]
[Site "Online"]
[Date "2025.02.17"]
[Round "1.56"]
[White "Pakleza, Zbigniew"]
[Black "Martirosyan, Haik M."]
[Result "0-1"]
[ECO "A47"]
[WhiteElo "2485"]
[BlackElo "2645"]
[PlyCount "116"]
[EventDate "2025.02.13"]
[EventType "swiss"]
[EventCountry "NET"]
[TimeControl "600"]
[WhiteClock "0:00:52"]
[BlackClock "0:03:03"]

1. d4 Nf6 2. Nf3 e6 3. Bf4 b6 4. e3 Bb7 5. h3 Bd6 6. Bxd6 cxd6 7. Nbd2 d5 8. Be2 O-O 9. O-O d6 10. c4 dxc4 11. Nxc4 Qe7 12. Qb3 Nc6 13. Rfc1 Rfd8 14. a4 Rab8 15. Qa3 Nd5 16. Ne1 Ncb4 17. Nd3 a5 18. Bf3 Ba6 19. Nxb4 Nxb4 20. Rc3 e5 21. Qb3 e4 22. Bd1 g6 23. Na3 Qf6 24. Nb5 Kg7 25. Nc7 Bb7 26. Be2 h5 27. Rac1 Rd7 28. Bf1 Rbd8 29. Nb5 Bd5 30. Bc4 Bb7 31. Bf1 Re7 32. Rc7 Rdd7 33. Rxd7 Rxd7 34. Rc7 Rxc7 35. Nxc7 Qe7 36. Nb5 h4 37. Qc3 Kf8 38. Be2 d5 39. f4 Qd7 40. Qe1 Qd8 41. Qc3 Qc8 42. Qxc8+ Bxc8 43. Nc3 Bd7 44. Kf2 Ke7 45. g4 hxg3+ 46. Kxg3 Kd6 47. h4 Nc2 48. Kf2 Nb4 49. h5 gxh5 50. Bxh5 Nd3+ 51. Kg3 Nxb2 52. Bxf7 Bc6 53. f5 Nxa4 54. Nxa4 Bxa4 55. f6 Bc6 56. Kf4 a4 57. Kf5 a3 58. Bh5 a2 0-1

[Event "CCT Chessable Masters Play-In 2025"]
[Site "Online"]
[Date "2025.02.17"]
[Round "1.57"]
[White "Paravyan, David"]
[Black "Gokerkan, Cem Kaan"]
[Result "1/2-1/2"]
[ECO "B45"]
[WhiteElo "2621"]
[BlackElo "2473"]
[PlyCount "86"]
[EventDate "2025.02.13"]
[EventType "swiss"]
[EventCountry "NET"]
[TimeControl "600"]
[WhiteClock "0:02:13"]
[BlackClock "0:02:36"]

1. e4 c5 2. Nf3 e6 3. d4 cxd4 4. Nxd4 Nc6 5. Nc3 Nf6 6. a3 d6 7. Be3 Be7 8. Bd3 O-O 9. O-O a6 10. Nxc6 bxc6 11. Na4 Rb8 12. b4 a5 13. c3 e5 14. h3 d5 15. exd5 cxd5 16. Bc5 axb4 17. axb4 Bxc5 18. Nxc5 Nd7 19. Ra5 Nxc5 20. Rxc5 Be6 21. Re1 Qf6 22. Qe2 e4 23. Ba6 d4 24. Qxe4 dxc3 25. Bd3 g6 26. Rc6 Rfd8 27. b5 Qg5 28. Qe3 Qxe3 29. Rxe3 Bd7 30. Rxc3 Bxb5 31. Bxb5 Rxb5 32. Rcd3 Rxd3 33. Rxd3 Kg7 34. Kh2 h5 35. h4 Rf5 36. Kg1 Rf6 37. g3 Rf5 38. Kg2 Rf6 39. Rf3 Ra6 40. Re3 Rb6 41. Rf3 Ra6 42. Re3 Rb6 43. Rf3 Ra6 1/2-1/2